 Dungeon Crawl Stone Soup version 0.26.1-11-gd32895ea62 (webtiles) character file.

Game seed: 14609406529703947460

63 JustSomeDude the Chopper (level 3, 0/28 HPs)
             Began as a Demonspawn Gladiator on June 30, 2021.
             Slain by a goblin (5 damage)
             ... led by Robin
             ... on level 2 of the Dungeon.
             The game lasted 00:01:12 (1617 turns).

JustSomeDude the Chopper (Demonspawn Gladiator)     Turns: 1617, Time: 00:01:14

Health: 0/28       AC:  4    Str: 15    XL:     3   Next: 89%
Magic:  3/3        EV: 13    Int:  9    God:
Gold:   162        SH:  0    Dex: 14    Spells: 2/2 levels left

rFire    + . .     SeeInvis .   a - +0 war axe
rCold    . . .     Faith    .   (no shield)
rNeg     . . .     Spirit   .   b - +0 leather armour
rPois    .         Reflect  .   c - +0 helmet
rElec    .         Harm     .   (no cloak)
rCorr    .         Rampage  .   (no gloves)
Will     .....                  (no boots)
Stlth    +.........             (no amulet)
HPRegen  0.09/turn              (no ring)
MPRegen  0.08/turn              (no ring)

@: no status effects
A: fire resistance 1
a: no special abilities


You were on level 2 of the Dungeon.
You visited 1 branch of the dungeon, and saw 2 of its levels.

You collected 162 gold pieces.

Inventory:

Hand Weapons
 a - a +0 war axe (weapon)
Missiles
 d - 3 throwing nets (quivered)
Armour
 b - a +0 leather armour (worn)
 c - a +0 helmet (worn)
Jewellery
 g - an uncursed ring of resist corrosion {unknown}
Scrolls
 e - 2 scrolls of identify {unknown}
 f - a scroll of amnesia {unknown}
 h - 2 scrolls of fear {unknown}
 j - a scroll of immolation {unknown}
 k - 2 scrolls of fog {unknown}
 l - a scroll of enchant weapon {unknown}
 m - 2 scrolls of magic mapping {unknown}
 o - a scroll of random uselessness {unknown}
Potions
 i - a potion of curing


   Skills:
 + Level 2.3 Fighting
 + Level 3.5 Axes
 + Level 2.1 Throwing
 + Level 1.0 Armour
 + Level 3.0 Dodging
 + Level 0.1 Stealth


You had 2 spell levels left.
You didn't know any spells.
Your spell library was empty.

Dungeon Overview and Level Annotations

Branches:
Dungeon (2/15)

Altars:
Vehumet

Annotations:
D:2 Robin


Innate Abilities, Weirdness & Mutations

Your flesh is heat resistant. (rF+)


Message History

You barely miss the hobgoblin.
The hobgoblin is severely wounded.
You hit the hobgoblin but do no damage. You hit the goblin.
You kill the goblin!
You closely miss the goblin. The goblin closely misses you.
The hobgoblin hits you with a +0 club. The hobgoblin hits you.
The goblin misses you. The goblin hits you but does no damage.
You barely miss the hobgoblin. You barely miss the goblin.
You closely miss the goblin. You barely miss the hobgoblin.
The hobgoblin hits you with a +0 club. The hobgoblin barely misses you.
Robin throws the goblin at you! The goblin hits you.
The goblin closely misses you. The goblin hits you with a +0 dagger.
* * * LOW HITPOINT WARNING * * *
You slash the hobgoblin!
You kill the hobgoblin!
You hit the goblin. You hit the goblin but do no damage. You hit the goblin.
You kill the goblin!
You barely miss the hobgoblin. The hobgoblin barely misses you.
Robin throws the goblin at you! The goblin hits you.
You die...

...# #..# ###..##### . .
.>... ... .#. # #.# .##
##.g.g ..# ....# # #.# ....
.g..# #.# #.#.# ## #.# ..#
#gg# #.# #.#.# .###.##.#####
#g@# #.# #.#.# ........#....
#gg# #.# #.#[# .............
#..###.###.#.# ..†..........
#..........#.# ..†.(....≈...
#.###.....##.##
##†.........###...<.....#...#
##...)≈≈.....###.##.......#.#
##....≈≈........ ##...)#...#
##...........## ##.#(#####


You could see Robin, 2 hobgoblins and 5 goblins.

Vanquished Creatures
  A centaur skeleton (D:2)
  An ooze (D:1)
  A worm (D:2)
  A leopard gecko (D:1)
  A ball python (D:2)
  2 goblins (D:2)
  5 hobgoblins (D:2)
  3 jackals (D:2)
  3 bats
  A frilled lizard (D:1)
  5 kobolds
  4 rats
28 creatures vanquished.

Notes
Turn   | Place    | Note
-------+----------+-------------------------------------------
     0 | D:1      | JustSomeDude the Demonspawn Gladiator began the quest for
                  | the Orb.
     0 | D:1      | Reached XP level 1. HP: 16/16 MP: 1/1
   366 | D:1      | Gained mutation: Your flesh is heat resistant. (rF+)
                  | [demonic ancestry]
   366 | D:1      | Reached XP level 2. HP: 22/22 MP: 2/2
   875 | D:2      | Found a radiant altar of Vehumet.
  1142 | D:2      | Reached XP level 3. HP: 25/27 MP: 3/3
  1237 | D:2      | Reached skill level 1 in Armour
  1609 | D:2      | Noticed Robin
  1617 | D:2      | Slain by a goblin

Illustrated notes

Levels and vault maps discovered:
D:1:      elethiomel_arrival_infinity_welcomes_careful_drivers, layout_basic
D:2:      layout_loops_ring, old_standard_altar, lemuel_round_altar,
          skrybe_limestone_x, kennysheep_potato, uniq_robin, uniq_terence,
          uniq_jessica

Skill      XL: |  1  2  3 |
---------------+----------+-----
Throwing       | 2 |  2.1
Axes           | 3 |  3.5
Armour         | 1 |  1.0
Dodging        | 3 |  3.0
Fighting       | |  2.3
Stealth        | |  0.1

Action                   || total
-------------------------++-------
Melee: War axe           ||    69
  Use: Potion            ||     3
Armor: Leather armour    ||    26
Dodge: Dodged            ||    67
